 Dungeon Crawl Stone Soup version 0.20.0-14-g326068f (webtiles) character file.

12505 Ios the Unseen (level 11, -5/56 HPs)
             Began as a Spriggan Enchanter on June 9, 2017.
             Was an Elder of Dithmenos.
             Slain by Gargoyl's ghost (14 damage)
             ... on level 11 of the Dungeon.
             The game lasted 00:40:39 (18321 turns).

Ios the Unseen (Spriggan Enchanter)                Turns: 18321, Time: 00:40:40

Health: -5/56      AC:  6    Str:  6    XL:     11   Next: 63%
Magic:  7/25       EV: 26    Int: 19    God:    Dithmenos [****..]
Gold:   765        SH:  0    Dex: 18    Spells: 17/29 levels left

rFire    . . .     SeeInvis +   a - +5 dagger
rCold    . . .     Gourm    .   (shield restricted)
rNeg     + . .     Faith    .   m - +0 robe {rN+}
rPois    .         Spirit   .   (helmet restricted)
rElec    .         Reflect  .   h - +1 cloak {MR+}
rCorr    .         Harm     .   (gloves unavailable)
MR       ++...                  (boots unavailable)
Stlth    +++++++++.             (no amulet)
Regen    0.2/turn               q - ring of wizardry
MPRegen  0.2/turn               n - +2 ring of protection

@: wreathed by umbra, very quick
A: unfitting armour, thin skeletal structure 1, see invisible, blink, herbivore
3, speed 3, slow metabolism 2
a: Blink, Shadow Step, Renounce Religion


You were on level 11 of the Dungeon.
You worshipped Dithmenos.
Dithmenos was greatly pleased with you.
You were not hungry.

You visited 2 branches of the dungeon, and saw 12 of its levels.
You also visited: Ossuary and Bailey.

You collected 765 gold pieces.

Inventory:

Hand Weapons
 a - a +5 dagger (weapon)
 b - a +3 dagger
 g - a +0 short sword
 r - a +0 rapier of speed
Armour
 h - a +1 cloak of magic resistance (worn)
 m - a +0 robe of positive energy (worn)
Jewellery
 k - an uncursed ring of flight
 n - a +2 ring of protection (right hand)
 p - an uncursed amulet of rage {unknown}
 q - a ring of wizardry (left hand)
Wands
 y - a wand of paralysis (20/24)
 C - a wand of enslavement (10/24)
Scrolls
 c - a scroll of magic mapping
 e - 4 scrolls of recharging
 f - 7 scrolls of teleportation
 i - 6 scrolls of remove curse
 o - 3 scrolls of amnesia
Potions
 j - 2 potions of cancellation
 l - 4 potions of curing
 s - a potion of haste
 t - 2 potions of magic
 u - 3 potions of heal wounds
 v - 4 potions of ambrosia
 x - a potion of mutation
 z - a potion of might
 A - 4 potions of flight
 B - 2 potions of lignification
Miscellaneous
 w - a lightning rod (4/4)
Comestibles
 d - 8 bread rations


   Skills:
 + Level 5.3 Fighting
 + Level 7.3 Short Blades
 + Level 9.5 Dodging
 + Level 15.6 Stealth
 + Level 9.6 Spellcasting
 + Level 9.9 Hexes


You had 17 spell levels left.
You knew the following spells:

 Your Spells              Type           Power        Failure   Level  Hunger
a - Ensorcelled Hibernat  Hex/Ice        ####..       1%          2    None
b - Corona                Hex            #####..      1%          1    None
c - Confuse               Hex            #####...     1%          3    None
d - Tukima's Dance        Hex            #####...     1%          3    None
e - Dazzling Spray        Conj/Hex       ####..       1%          3    None


Dungeon Overview and Level Annotations

Branches:
Dungeon (11/15)            Temple (1/1) D:7            Lair (0/6) D:10
    Orc: D:9-12

Altars:
Ashenzari
Cheibriados
Dithmenos
Elyvilon
Fedhas
Gozag
Hepliaklqana
Kikubaaqudgha
Makhleb
Nemelex Xobeh
Okawaru
Qazlal
Ru
Sif Muna
Trog
Uskayaw
Vehumet
Xom
Yredelemnul
Zin
The Shining One

Annotations:
D:11 Gargoyl's ghost, journeyman DrAK


Innate Abilities, Weirdness & Mutations

You are very small and have problems with some larger weapons.
You are too small for most types of armour.
You have supernaturally acute eyesight. (SInv)
You are a herbivore.
You cover ground extremely quickly.
You need consume almost no food.
You have a somewhat thin skeletal structure. (Dex +2, Stealth)
You can translocate small distances at will.


Message History

Gargoyl's ghost resists with almost no effort.
Gargoyl's ghost hits you!
* * * LOW HITPOINT WARNING * * *
Gargoyl's ghost burns you.
* * * LOW HITPOINT WARNING * * *
Casting: Confuse
Confirm with . or Enter, or press ? or * to list all spells.
Aiming: Confuse
Press: ? - help, Shift-Dir - straight line, f/p - Gargoyl's ghost
Aim: Gargoyl's ghost, wielding a weapon of flaming (heavily damaged, umbra, chance to defeat MR: 21%) Gargoyl's ghost resists with almost no effort.
Gargoyl's ghost closely misses you.
Casting: Confuse
Confirm with . or Enter, or press ? or * to list all spells.
Aiming: Confuse
Press: ? - help, Shift-Dir - straight line, f/p - Gargoyl's ghost
Aim: Gargoyl's ghost, wielding a weapon of flaming (heavily damaged, umbra, chance to defeat MR: 21%) Gargoyl's ghost resists with almost no effort.
Gargoyl's ghost hits you!
You die...

#.........#
#.........#
#........$#
#.........#
#.........###
#...........#
#..........#
#........W@#
#..........#
####..........#
.........Z....#
...........####
...........#
...........#
...........#
####.......#


You could see Gargoyl's ghost and a centaur warrior zombie (confused).

Vanquished Creatures
  A yaktaur captain (D:9)
  2 two-headed ogres
  The ghost of Schimscham the Fighter, a novice MiBe of Trog (Bailey)
  An orc knight (Bailey)
  A troll (D:10)
  2 hippogriffs (D:8)
  14 yaks
  A wyvern (D:8)
  Eustachio (D:6)
  2 hungry ghosts
  2 ice beasts
  9 orc warriors
  2 sky beasts
  10 ogres
  5 necrophages
  7 centaurs
  6 phantoms
  4 bullfrogs
  2 big kobolds (D:9)
  A scorpion (D:4)
  A water moccasin skeleton (D:8)
  10 killer bees
  9 wights
  3 howler monkeys
  7 crimson imps
  2 quasits
  A bullfrog zombie (D:7)
  3 centaur zombies
  2 jellies (D:9)
  2 hounds
  7 orc wizards
  A centaur skeleton (D:6)
  3 orc priests
  Crazy Yiuf (D:3)
  3 iguanas
  6 worker ants
  3 killer bee zombies
  3 big kobold zombies (Ossuary)
  2 hound zombies
  2 hound skeletons
  A worker ant zombie (D:6)
  5 mummies (Ossuary)
  A howler monkey skeleton (D:10)
  5 gnolls
  9 adders
  4 adder skeletons
  3 worms
  6 leopard geckos
  34 orcs
  A ball python (D:4)
  6 giant cockroaches
  A gnoll zombie (Ossuary)
  12 goblins
  6 hobgoblins
  7 jackals
  4 quokkas
  5 bats
  4 frilled lizards
  6 kobolds
  2 orc zombies (Ossuary)
  A quokka zombie (D:6)
  6 rats
274 creatures vanquished.

Vanquished Creatures (collateral kills)
  A gnoll sergeant (D:9)
  A scorpion (D:9)
  4 gnolls
  An orc (D:9)
7 creatures vanquished.

Vanquished Creatures (others)
  A dancing weapon (D:9)
  3 killer bees (D:7)
  A worker ant (D:7)
  3 bushes (D:6)
  6 plants (D:6)
14 creatures vanquished.

Grand Total: 295 creatures vanquished

Notes
Turn   | Place    | Note
-------+----------+-------------------------------------------
     0 | D:1      | Ios the Spriggan Enchanter began the quest for the Orb.
     0 | D:1      | Reached XP level 1. HP: 9/9 MP: 5/5
   694 | D:1      | Reached XP level 2. HP: 13/13 MP: 2/7
   698 | D:1      | Learned a level 2 spell: Ensorcelled Hibernation
  1656 | D:2      | Reached XP level 3. HP: 14/16 MP: 1/9
  1730 | D:2      | Learned a level 3 spell: Confuse
  1734 | D:2      | Learned a level 3 spell: Tukima's Dance
  1796 | D:2      | Found a sacrificial altar of Ru.
  1980 | D:2      | Found a white marble altar of Elyvilon.
  2984 | D:3      | Reached XP level 4. HP: 21/21 MP: 6/11
  3206 | D:3      | Reached skill level 5 in Hexes
  3527 | D:3      | Found a runed door.
  3531 | D:3      | Noticed Crazy Yiuf
  3540 | D:3      | Killed Crazy Yiuf
  3709 | D:3      | Reached skill level 5 in Spellcasting
  3709 | D:3      | Reached XP level 5. HP: 16/24 MP: 9/13
  4245 | D:4      | Noticed a phantom
  4305 | D:4      | Killed a phantom
  4305 | D:4      | Reached skill level 6 in Stealth
  4305 | D:4      | Reached XP level 6. HP: 22/28 MP: 3/15
  4477 | D:4      | Reached skill level 7 in Stealth
  4845 | D:4      | Reached skill level 8 in Stealth
  5091 | D:4      | Reached skill level 9 in Stealth
  5091 | D:4      | Reached XP level 7. HP: 32/32 MP: 13/16
  5425 | D:4      | Reached skill level 10 in Stealth
  5489 | D:4      | Reached skill level 11 in Stealth
  5987 | D:5      | Entered Level 5 of the Dungeon
  6190 | D:5      | Found a sand-covered staircase.
  6196 | Ossuary  | Entered an ossuary
  6485 | Ossuary  | Reached skill level 12 in Stealth
  6557 | Ossuary  | Reached XP level 8. HP: 31/36 MP: 2/17
  7186 | D:5      | Reached skill level 13 in Stealth
  7775 | D:5      | Reached skill level 1 in Fighting
  8192 | D:6      | Noticed Eustachio
  8199 | D:6      | Killed Eustachio
  8399 | D:6      | Reached XP level 9. HP: 26/42 MP: 3/19
  8600 | D:6      | Reached skill level 5 in Dodging
  8697 | D:6      | Found a blossoming altar of Fedhas.
  8787 | D:6      | Found a shadowy altar of Dithmenos.
  8792 | D:6      | Became a worshipper of Dithmenos the Shadowed
 10567 | D:7      | Found a staircase to the Ecumenical Temple.
 10576 | Temple   | Entered the Ecumenical Temple
 10806 | D:7      | Found a glowing silver altar of Zin.
 11112 | D:7      | Reached skill level 14 in Stealth
 11119 | D:7      | Reached * piety under Dithmenos
 11205 | D:7      | Reached XP level 10. HP: 49/49 MP: 15/22
 11985 | D:8      | Noticed a two-headed ogre
 11990 | D:8      | Killed a two-headed ogre
 11990 | D:8      | Reached skill level 5 in Short Blades
 12956 | D:8      | Reached ** piety under Dithmenos
 13654 | D:9      | Found a hide-covered altar of Uskayaw.
 13717 | D:9      | Found a flagged portal.
 13786 | Bailey   | Entered a bailey
 14300 | Bailey   | Noticed Schimscham's ghost (novice MiBe)
 14349 | Bailey   | Killed Schimscham's ghost
 14806 | Bailey   | Noticed an orc knight
 14819 | Bailey   | Killed an orc knight
 14947 | D:9      | Reached XP level 11. HP: 54/54 MP: 21/24
 15187 | D:9      | Learned a level 3 spell: Dazzling Spray
 15247 | D:9      | Reached skill level 15 in Stealth
 15556 | D:9      | Reached *** piety under Dithmenos
 15853 | D:9      | Noticed a yaktaur captain
 15876 | D:10     | Entered Level 10 of the Dungeon
 16066 | D:10     | Gained mutation: You can translocate small distances at will. [potion of mutation]
 16066 | D:10     | Gained mutation: You have a somewhat thin skeletal structure. (Dex +2, Stealth) [potion of mutation]
 16094 | D:9      | Killed a yaktaur captain
 16094 | D:9      | Reached skill level 5 in Fighting
 16599 | D:9      | Noticed a two-headed ogre
 16606 | D:9      | Killed a two-headed ogre
 16944 | D:9      | Found a shimmering altar of Xom.
 16945 | D:9      | Found a shattered altar of Ashenzari.
 17399 | D:9      | Reached **** piety under Dithmenos
 17526 | D:10     | Found a staircase to the Lair.
 18276 | D:11     | Noticed Gargoyl's ghost (journeyman DrAK)
 18321 | D:11     | Slain by Gargoyl's ghost

Skill      XL: |  1  2  3  4  5  6  7  8  9 10 11 |
---------------+----------------------------------+-----
Spellcasting   | 3 4 5 6 7 8 9 |  9.6
Hexes          | 4 5 6 7 9 |  9.9
Stealth        | 6 9 12 13 14 15 | 15.6
Short Blades   | 3 4 6 7 |  7.3
Fighting       | 1 3 4 5 |  5.3
Dodging        | 4 6 8 9 |  9.5

Action                   |  1- 3 |  4- 6 |  7- 9 | 10-12 || total
-------------------------+-------+-------+-------+-------++-------
Melee: Dagger            |   119 |   118 |   459 |   367 ||  1063
 Cast: Corona            |     7 |       |       |       ||     7
       Ensorcelled Hiber |    13 |    22 |    52 |    53 ||   140
       Confuse           |       |    10 |    36 |    63 ||   109
       Tukima's Dance    |       |       |       |     5 ||     5
  Use: Scroll            |     9 |     2 |     5 |     5 ||    21
       Potion            |       |       |     6 |     4 ||    10
 Stab: Sleeping          |    20 |    15 |    49 |    53 ||   137
       Confused          |       |     7 |    16 |    32 ||    55
       Distracted        |       |       |     1 |     4 ||     5
  Eat: Fruit             |       |     7 |     4 |     3 ||    14
       Royal jelly       |       |       |     1 |     1 ||     2
Armor: Robe              |    10 |    17 |    37 |    12 ||    76
       Skin              |       |       |     8 |       ||     8
Dodge: Dodged            |    93 |    78 |   230 |   232 ||   633
